 Dungeon Crawl Stone Soup version 0.18-a0-900-gbbf5c82 (webtiles) character file.

8549 vatarom the Martial Artist (level 11, -6/112 HPs)
             Began as a Grey Draconian Transmuter on Dec 24, 2015.
             Was a Follower of Sif Muna.
             Mangled by a black mamba (13 damage)
             ... on level 2 of the Lair of Beasts.
             The game lasted 00:28:51 (10109 turns).

vatarom the Martial Artist (DrTm)                  Turns: 10109, Time: 00:28:52

Health: -6/112     AC:  6    Str: 13    XL:     11   Next: 11%
Magic:  13/16      EV: 12    Int: 14    God:    Sif Muna [*.....]
Gold:   297        SH:  0    Dex: 16    Spells: 4 memorised, 3 levels left

rFire  x . .     SeeInvis .       - Unarmed
rCold  + + +     Gourm    .     (armour unavailable)
rNeg   . . .     Faith    .     (shield currently unavailable)
rPois  +         Spirit   .     (helmet currently unavailable)
rElec  .         Dismiss  .     (cloak currently unavailable)
rCorr  .         Reflect  .     (gloves currently unavailable)
SustAt +         Harm     .     (boots currently unavailable)
MR     +....     Rnd*Rage +     (no amulet)
Stlth  ++........               j - ring of sustain attributes
                                q - ring of protection from magic

@: ice-form, somewhat resistant to hostile enchantments, unstealthy
A: (walk through water), unfitting armour, (big wings), agile 1, berserk 1,
deterioration 1, (fire resistance 0), wild magic 1, (unbreathing),
(cold-blooded), AC +12
a: End Transformation, Channel Energy, Renounce Religion


You were on level 2 of the Lair of Beasts.
You worshipped Sif Muna.
Sif Muna was aware of your devotion.
You were not hungry.
You were a creature of crystalline ice.
You visited 3 branches of the dungeon, and saw 12 of its levels.

You collected 567 gold pieces.
You spent 270 gold pieces at shops.

Inventory:

Hand Weapons
 e - a +1 whip of venom
 l - a +1 dagger of electrocution
 w - the +8 quarterstaff of Dim Light (melded) {flame, SInv}
   (You bought it in a shop on level 8 of the Dungeon)

   It has been specially enchanted to burn those struck by it, causing extra
   injury to most foes and up to half again as much damage against particularly
   susceptible opponents.
   It lets you see invisible.
Missiles
 a - 148 arrows
Armour
 g - a +2 hat (melded)
Jewellery
 j - a ring of sustain attributes (right front paw)
 q - a ring of protection from magic (left front paw)
 v - an uncursed ring of ice
 y - an uncursed ring of protection from cold
Wands
 n - a wand of frost (36/48)
 s - a wand of lightning (15/15)
 u - a wand of polymorph (8/24)
 x - a wand of teleportation (4/9)
 z - a wand of random effects (17/48)
 A - a wand of draining (5/15)
Scrolls
 c - a scroll of enchant armour
 d - 10 scrolls of remove curse
 i - 4 scrolls of identify
 t - a scroll of teleportation
Potions
 m - a potion of cancellation
 o - a potion of resistance
Books
 b - a book of Changes

   Spells                             Type                      Level
   a - Beastly Appendage              Transmutation                1
   b - Sticks to Snakes               Transmutation                2
   c - Spider Form                    Transmutation/Poison         3
   d - Ice Form                       Ice/Transmutation            4
   e - Blade Hands                    Transmutation                5
 p - Ikais's Grimoire of Damaging Lightness
   (You acquired it on level 5 of the Dungeon)

   Spells                             Type                      Level
   a - Shock                          Conjuration/Air              1
   b - Swiftness                      Charms/Air                   2
   c - Silence                        Hexes/Air                    5
   d - Freezing Cloud                 Conjuration/Ice/Air          6
   e - Poisonous Cloud                Conjuration/Poison/Air       6
Comestibles
 f - 2 beef jerkies
 h - 5 meat rations
 k - 4 fruits


   Skills:
 * Level 8.2 Fighting
 - Level 5.0 Dodging
 + Level 10.8 Unarmed Combat
 - Level 3.6 Spellcasting
 - Level 8.7 Transmutations
 - Level 2.6 Ice Magic
 - Level 4.4 Invocations


You had 3 spell levels left.
You knew the following spells:

 Your Spells              Type           Power        Failure   Level  Hunger
a - Blade Hands           Trmt           #####.....   30%         5    ######.
b - Spider Form           Trmt/Pois      ###.......   22%         3    ###....
c - Sticks to Snakes      Trmt           #####...     3%          2    ##.....
d - Ice Form              Ice/Trmt       ####....     34%         4    ####...


Dungeon Overview and Level Annotations

Branches:
Dungeon (9/15)             Temple (1/1) D:5            Lair (2/8) D:8
    Orc: D:9-12

Altars:
Ashenzari
Kikubaaqudgha
Okawaru
Pakellas
Ru
Sif Muna
Trog
Vehumet
Xom

Shops:
D:5 (   D:8 (

Annotations:
D:9 Erolcha


Innate Abilities, Weirdness & Mutations

((You can walk through water.))
((Your dull iron-grey scales are very hard (AC +12).))
Your body does not fit into most forms of armour.
((You can survive without breathing.))
((You are cold-blooded and may be slowed by cold attacks.))
((Your large and strong wings let you fly indefinitely.))
You are agile. (Dex +2)
You tend to lose your temper in combat.
Your body sometimes deteriorates upon taking damage.
((Your flesh is heat resistant.))
Your spells are a little harder to cast, but a little more powerful.


Message History

You closely miss the black mamba.
The black mamba is almost dead.
The black mamba misses you. The black mamba barely misses you.
You completely miss the black mamba.
The black mamba is almost dead.
The black mamba bites you!
* * * LOW HITPOINT WARNING * * *
You hit the black mamba. You freeze the black mamba.
The black mamba seems to slow down.
The black mamba is almost dead.
The black mamba bites you but does no damage.
You hit the crocodile. You freeze the crocodile.
The crocodile is lightly wounded.
The black mamba barely misses you.
You closely miss the black mamba.
The black mamba is almost dead.
The crocodile bites you!
* * * LOW HITPOINT WARNING * * *
The black mamba bites you!
You die...

#.### #..P#.## #..#
#..#.#### #...
###............#
....#####PP..#####.##.##
#......t.....# ## ###
........ ....
........###.##
.......#†t#..#
.........SY(##
..>......#.#.#
........#../..#
....#P...#......
..#.P.......(.... #
#........#.##...
..........### #.#
..#.........
..........P#.


You could see a black mamba and a crocodile.

Vanquished Creatures
  A deep elf mage (D:8)
  A black mamba (Lair:1)
  2 spiny frogs
  2 fire drakes
  4 komodo dragons
  6 yaks (Lair:1)
  2 hippogriffs
  A hungry ghost (D:7)
  3 porcupines
  Duvessa (D:7)
  3 sky beasts
  3 water moccasins
  An ice beast (D:6)
  2 orc warriors (D:7)
  2 necrophages (D:8)
  A phantom (D:8)
  A black bear (D:8)
  3 centaurs
  3 ogres
  2 crocodiles (Lair:1)
  A big kobold (D:6)
  4 giant frogs
  Blork the orc (D:4)
  3 scorpions
  Dowan (D:7)
  6 wights (D:8)
  2 crimson imps
  3 giant frog zombies
  A centaur zombie (D:8)
  3 orc priests
  A hound (D:7)
  A human skeleton (D:8)
  6 orc wizards
  6 human zombies (D:8)
  2 giant frog skeletons
  3 worker ants
  3 iguanas
  A statue (D:5)
  An ogre zombie (D:8)
  A hound skeleton (D:5)
  A mummy (D:8)
  2 worker ant zombies (D:5)
  3 gnolls (D:5)
  6 adders
  An adder skeleton (D:8)
  4 worms
  27 orcs
  2 ball pythons (D:2)
  5 bats
  2 giant cockroaches
  14 hobgoblins
  12 jackals
  13 kobolds
  9 giant geckos
  A giant gecko skeleton (D:4)
  A giant newt (D:1)
  8 goblins
  4 quokkas
  A quokka zombie (D:7)
  11 rats
221 creatures vanquished.

Vanquished Creatures (collateral kills)
  An ogre (D:4)
  A crimson imp (D:6)
  A centaur skeleton (D:6)
3 creatures vanquished.

Grand Total: 224 creatures vanquished

Notes
Turn   | Place    | Note
--------------------------------------------------------------
     0 | D:1      | vatarom the Draconian Transmuter began the quest for the Orb.
     0 | D:1      | Reached XP level 1. HP: 16/16 MP: 3/3
   153 | D:1      | Reached XP level 2. HP: 22/24 MP: 5/5
   534 | D:2      | Found a bloodstained altar of Trog.
   691 | D:2      | Reached XP level 3. HP: 25/29 MP: 4/6
   763 | D:2      | Learned a level 3 spell: Spider Form
   863 | D:2      | Found a shimmering altar of Xom.
  1797 | D:2      | Reached XP level 4. HP: 35/37 MP: 7/7
  2646 | D:4      | Noticed an ogre
  2651 | D:4      | Learned a level 2 spell: Sticks to Snakes
  2674 | D:4      | Killed an ogre
  2674 | D:4      | Reached skill level 4 in Transmutations
  2674 | D:4      | Reached XP level 5. HP: 40/46 MP: 0/8
  2801 | D:4      | Gained mutation: You tend to lose your temper in combat. [potion of mutation]
  2801 | D:4      | Gained mutation: Your spells are a little easier to cast, but a little less powerful. [potion of mutation]
  2801 | D:4      | Gained mutation: You are agile. (Dex +2) [potion of mutation]
  3063 | D:4      | Reached XP level 6. HP: 43/53 MP: 6/9
  3212 | D:4      | Noticed Blork the orc
  3227 | D:4      | Killed Blork the orc
  3227 | D:4      | Reached skill level 5 in Transmutations
  3404 | D:4      | Reached skill level 5 in Fighting
  3505 | D:5      | Entered Level 5 of the Dungeon
  3509 | D:5      | Found a radiant altar of Vehumet.
  3557 | D:5      | Your scales start taking on a dull iron-grey colour.
  3557 | D:5      | Gained mutation: You can survive without breathing. [Grey Draconian growth]
  3557 | D:5      | Reached XP level 7. HP: 61/61 MP: 4/10
  3630 | D:5      | Found a shimmering altar of Xom.
  3884 | D:5      | Found a staircase to the Ecumenical Temple.
  3904 | Temple   | Entered the Ecumenical Temple
  3933 | Temple   | Became a worshipper of Sif Muna the Loreminder
  4024 | D:5      | Reached skill level 6 in Transmutations
  4052 | D:5      | Identified a scroll of acquirement
  4074 | D:5      | Identified Ikais's Grimoire of Damaging Lightness (You acquired it on level 5 of the Dungeon)
  4266 | D:5      | Found an oddly glowing altar of Pakellas.
  4319 | D:5      | Found an iron altar of Okawaru.
  4368 | D:5      | Found Reovap's Weapon Shop.
  4492 | D:5      | Learned a level 4 spell: Ice Form
  4578 | D:5      | Found a radiant altar of Vehumet.
  4790 | D:6      | Reached skill level 1 in Ice Magic
  4790 | D:6      | Reached XP level 8. HP: 35/70 MP: 4/11
  5084 | D:6      | Reached skill level 1 in Invocations
  5277 | D:6      | Reached skill level 7 in Transmutations
  5282 | D:6      | Reached * piety under Sif Muna
  5735 | D:7      | Noticed Dowan
  5736 | D:7      | Noticed Duvessa
  5743 | D:7      | Killed Dowan
  5748 | D:7      | Killed Duvessa
  5933 | D:7      | Reached skill level 8 in Transmutations
  6133 | D:7      | Reached XP level 9. HP: 37/75 MP: 8/12
  6323 | D:7      | Reached skill level 5 in Dodging
  7090 | D:8      | Reached ** piety under Sif Muna
  7222 | D:8      | Learned a level 5 spell: Blade Hands
  7569 | D:8      | Reached skill level 5 in Unarmed Combat
  7570 | D:8      | Found an ancient bone altar of Kikubaaqudgha.
  8027 | D:8      | Found a staircase to the Lair.
  8052 | D:8      | Found a sacrificial altar of Ru.
  8089 | D:8      | Gained mutation: Your large and strong wings let you fly indefinitely. [potion of mutation]
  8089 | D:8      | Gained mutation: Your flesh is heat resistant. [potion of mutation]
  8089 | D:8      | Gained mutation: Your body sometimes deteriorates upon taking damage. [potion of mutation]
  8090 | D:8      | Gained mutation: Your body often deteriorates upon taking damage. [potion of mutation]
  8090 | D:8      | Lost mutation: Your spells are a little easier to cast, but a little less powerful. [potion of mutation]
  8115 | D:8      | Noticed a deep elf mage
  8126 | D:8      | Noticed a sixfirhy
  8134 | D:8      | Killed a deep elf mage
  8134 | D:8      | Reached XP level 10. HP: 28/83 MP: 5/15
  8146 | D:8      | Gained mutation: Your spells are a little harder to cast, but a little more powerful. [potion of mutation]
  8146 | D:8      | Lost mutation: Your body often deteriorates upon taking damage. [potion of mutation]
  8383 | D:8      | Found Xaroi's Antique Weapon Boutique.
  8392 | D:8      | Bought a fine quarterstaff for 270 gold pieces
  8392 | D:8      | Identified the +8 quarterstaff of Dim Light {flame, SInv} (You bought it in a shop on level 8 of the Dungeon)
  8713 | D:9      | Noticed Erolcha
  8752 | Lair:1   | Entered Level 1 of the Lair of Beasts
  9116 | Lair:1   | Noticed a black mamba
  9130 | Lair:1   | Killed a black mamba
  9130 | Lair:1   | Reached skill level 9 in Unarmed Combat
  9247 | Lair:1   | Reached skill level 10 in Unarmed Combat
  9965 | Lair:2   | Reached XP level 11. HP: 93/93 MP: 11/16
 10109 | Lair:2   | Mangled by a black mamba

Vault maps used:
D:1:      eino_arrival_water_star, serial_bayou_pond_c
D:2:      lemuel_round_altar, first_bread, xom_teletrap_fun
D:3:      lemuel_upstairs_altar, serial_glass, glass_columns_b, glass_columns_a
D:4:      uniq_blork_the_orc
D:5:      nicolae_overflow_hidden_temple, old_standard_altar, vehumet_statue,
          overflow_temple_1_default, kennysheep_okawaru_gauntlet,
          minmay_temple_entry_grid, serial_shops, kennysheep_mini_moat,
          hex_large, vehumet_altar_wand_db
D:7:      uniq_duvessa
D:8:      nicolae_ru_path_of_blood, lemuel_mausoleum_altar_kikubaaqudgha,
          minmay_lair_entry_lava, serial_shops, shop
D:9:      marbit_many_paths, lemuel_doored_altar, the_bakery, uniq_erolcha
Temple:   roderic_octagonal_lattice_temple
Lair:1:   minivault_25
Lair:2:   minmay_lair_oklob_chamber, special_room,
          grunt_forest_small_clearing_treed, bh_autumn_forest_stairs,
          uniq_gastronok

Action                   |  1- 3 |  4- 6 |  7- 9 | 10-12 || total
-------------------------+-------+-------+-------+-------++-------
Melee: Unarmed           |    51 |    23 |   350 |    90 ||   514
       Whip              |    78 |   104 |   204 |       ||   386
       Quarterstaff      |       |       |       |    29 ||    29
 Cast: Beastly Appendage |    13 |     4 |     1 |       ||    18
       Sticks to Snakes  |       |     7 |     6 |       ||    13
       Spider Form       |       |     6 |     5 |       ||    11
       Ice Form          |       |       |    12 |     3 ||    15
       Blade Hands       |       |       |     8 |     7 ||    15
Invok: Forget Spell      |       |       |     1 |       ||     1
 Abil: End Transformatio |       |       |       |     1 ||     1
  Use: Potion            |     4 |     2 |     4 |     5 ||    15
       Scroll            |     2 |     7 |     4 |     4 ||    17
 Stab: Sleeping          |     4 |       |     1 |     1 ||     6
       Distracted        |       |     2 |       |       ||     2
  Eat: Chunk             |     2 |       |     1 |       ||     3
       Bread ration      |     1 |     1 |     4 |     1 ||     7
       Fruit             |       |       |     2 |       ||     2
       Meat ration       |       |       |     2 |     1 ||     3
       Beef jerky        |       |       |     2 |     1 ||     3
